 Dungeon Crawl Stone Soup version 0.17.0-56-gd8de76c (webtiles) character file.

116 Ijustatesigmund the Conjurer (level 4, 0/24 HPs)
             Began as a Deep Elf Conjurer on Dec 4, 2015.
             Slain by a rat (1 damage)
             ... on level 3 of the Dungeon.
             The game lasted 00:06:36 (1366 turns).

Ijustatesigmund the Conjurer (Deep Elf Conjurer)    Turns: 1366, Time: 00:06:36

Health: 0/24       AC:  2    Str:  5    XL:     4   Next: 69%
Magic:  5/12       EV: 13    Int: 21    God:
Gold:   67         SH:  0    Dex: 15    Spells: 4 memorised, 2 levels left

rFire  . . .     SeeInvis .     j - +0 short sword
rCold  . . .     Clarity  .     a - +0 robe
rNeg   . . .     SustAt   .     (no shield)
rPois  .         Gourm    .     (no helmet)
rElec  .         Spirit   .     (no cloak)
rCorr  .         Warding  .     (no gloves)
rMut   .         Stasis   .     (no boots)
MR     .....                    (no amulet)
Stlth  ++........               (no ring)
                                (no ring)

@: lethally poisoned (0 -> -4), not resistant to hostile enchantments,
unstealthy
A: no striking features
a: no special abilities


You were on level 3 of the Dungeon.
You were not hungry.

You visited 1 branch of the dungeon, and saw 3 of its levels.

You collected 67 gold pieces.

Inventory:

Hand Weapons
 e - a +0 dagger
 j - a +0 short sword (weapon)
Missiles
 f - a throwing net (quivered)
Armour
 a - a +0 robe (worn)
Wands
 k - a wand of teleportation (4)
Potions
 d - a potion of lignification
 g - a potion of curing {unknown}
 h - a potion of magic {unknown}
 i - a potion of brilliance {unknown}
 m - a potion of agility {unknown}
 n - a potion of resistance {unknown}
Books
 b - a book of Conjurations

   Spells                             Type                      Level
   a - Magic Dart                     Conjuration                  1
   b - Searing Ray                    Conjuration                  2
   c - Dazzling Spray                 Conjuration/Hexes            3
   d - Fulminant Prism                Conjuration/Hexes            4
   e - Iskenderun's Mystic Blast      Conjuration                  4
   f - Iskenderun's Battlesphere      Conjuration/Charms           5
Comestibles
 c - a bread ration
 l - 5 fruits


   Skills:
 - Level 3.0 Dodging
 - Level 3.0 Stealth
 + Level 4.5 Spellcasting
 + Level 5.2 Conjurations
 + Level 2.0 Hexes


You had 2 spell levels left.
You knew the following spells:

 Your Spells              Type           Power        Failure   Level  Hunger
a - Magic Dart            Conj           ####         1%          1    None
b - Searing Ray           Conj           ####..       1%          2    #......
c - Dazzling Spray        Conj/Hex       ###.....     10%         3    ##.....
d - Iskenderun's Mystic   Conj           ####....     17%         4    ####...


Dungeon Overview and Level Annotations

Branches:
Dungeon (3/15)

Altars:


Message History

The adder poisons you! The adder misses you. The rat barely misses you.
Casting: Magic Dart
Confirm with . or Enter, or press ? or * to list all spells.
Aiming: Magic Dart
Press: ? - help, Shift-Dir - straight line, f/p - adder
Aim: an adder (severely wounded)
The magic dart hits the adder.
You kill the adder!
Your Hexes skill increases to level 2!
* * * LOW HITPOINT WARNING * * *
You feel sick. The rat misses you.
Casting: Magic Dart
Confirm with . or Enter, or press ? or * to list all spells.
Aiming: Magic Dart
Press: ? - help, Shift-Dir - straight line, f - rat
Aim: a rat The magic dart hits the rat.
* * * LOW HITPOINT WARNING * * *
You feel sick. The rat bites you.
You die...

#.#####
#.#...##
#......##
###.......###
............
#.......#
#.†...# #@..#
##r## .<.
..... .####..
.# . .# .#


You could see a rat.

Vanquished Creatures
  2 gnolls (D:2)
  6 adders
  An ooze (D:1)
  2 worms (D:2)
  5 bats
  5 hobgoblins
  A giant cockroach (D:2)
  4 giant newts
  5 goblins
  4 kobolds
  3 rats
38 creatures vanquished.

Notes
Turn   | Place    | Note
--------------------------------------------------------------
     0 | D:1      | Ijustatesigmund the Deep Elf Conjurer began the quest for the Orb.
     0 | D:1      | Reached XP level 1. HP: 10/10 MP: 6/6
   180 | D:1      | Reached XP level 2. HP: 15/15 MP: 4/8
   723 | D:2      | Reached XP level 3. HP: 15/19 MP: 1/10
   727 | D:2      | Learned a level 2 spell: Searing Ray
   731 | D:2      | Learned a level 3 spell: Dazzling Spray
  1169 | D:2      | Reached skill level 1 in Hexes
  1224 | D:2      | Reached XP level 4. HP: 24/24 MP: 8/12
  1230 | D:2      | Learned a level 4 spell: Iskenderun's Mystic Blast
  1240 | D:2      | Reached skill level 5 in Conjurations
  1366 | D:3      | HP: 1/24 [poisoned by an adder]
  1366 | D:3      | Slain by a rat

Action                   |  1- 3 |  4- 6 || total
-------------------------+-------+-------++-------
Melee: Short sword       |       |     1 ||     1
 Cast: Magic Dart        |    80 |    17 ||    97
       Iskenderun's Myst |       |     1 ||     1
  Use: Scroll            |     3 |       ||     3
  Eat: Chunk             |     1 |       ||     1
